AoeStats
← VaimX

Pilgrims

509698608Analyzed
3v3 RM · 5d ago on Sep 27, 2026· 43m 11s· 6 players
Game mode
Random Map
Map size
Normal (6 player)
Population
200
Speed
Normal
Resources
Standard
Victory
Conquest
Starting age
Dark Age
Ending age
Imperial Age
RankedLock teamsTeams togetherTeam positionsShared explorationLock speedFull tech treeHidden civsTurbo modeCheats
Victory
Defeat
🇨🇱 Byzantines · Chile
923
+16
🇪🇨 Britons · Ecuador
916
+17
🇨🇳 Huns · China
912
+17
🇷🇴 Cumans · Romania
948
-17
🇷🇴 Saxons · Romania
928
-17
🇷🇴 Sicilians · Romania
913
-16
zenghui
6:21 Loom
14:01 Feudal Age
17:53 Castle Age
16:27 Double-Bit Axe
16:25 Horse Collar
17:58 Bloodlines
19:33 Wheelbarrow
19:14 Bow Saw
19:19 Heavy Plow
21:34 Scale Barding Armor
22:34 Forging
25:44 Iron Casting
26:47 Chain Barding Armor
27:42 Hand Cart
27:34 Husbandry
29:45 Stone Mining
29:46 Gold Mining
37:07 Imperial Age
35:57 Gold Shaft Mining
35:37 Fletching
35:49 Murder Holes
37:10 Cavalier
38:52 Two-Man Saw
38:29 Plate Barding Armor
38:57 Chemistry
39:00 Blast Furnace
39:57 Paladin
41:24 Conscription
42:29 Town Watch
VaimX
10:29 Feudal Age
12:57 Man-at-Arms
15:06 Double-Bit Axe
15:03 Horse Collar
23:27 Castle Age
23:37 Crossbowman
27:38 Wheelbarrow
30:57 Heavy Plow
33:11 Gold Mining
33:46 Forging
37:12 Gold Shaft Mining
36:29 Stone Mining
38:07 Light Cavalry
38:53 Husbandry
39:34 Fletching
39:44 Padded Archer Armor
alexismdo1
4:09 Loom
6:31 Loom
13:17 Feudal Age
13:46 Double-Bit Axe
13:54 Gold Mining
15:59 Wheelbarrow
19:28 Stone Mining
30:47 Forging
30:27 Man-at-Arms
33:43 Fishing Lines
35:40 Scale Barding Armor
InaKa
9:15 Loom
12:02 Feudal Age
16:36 Wheelbarrow
15:47 Town Watch
eSacaluTati
11:45 Feudal Age
18:05 Man-at-Arms
19:59 Bloodlines
28:57 Castle Age
28:41 Wheelbarrow
28:04 Double-Bit Axe
33:51 Steppe Husbandry
36:12 Padded Archer Armor
36:20 Scale Barding Armor
36:33 Forging
38:40 Loom
41:37 Leather Archer Armor
GeorMagnificu'
9:26 Feudal Age
12:54 Loom
Connection lost

Rejoining the realm…

Still unreachable

The connection could not be restored.

Session expired

The server has moved on; the page needs a fresh start.